cohdb
Replays
Latest Replays
All Replays
Popular Replays
Top Player Replays
Match Explorer
How It Works
Community
CoH3 Stats
Reddit
Sign in to upload your games and track your stats! →
Sign in with Steam
Match 43416917
Unlisted
Match 43416917
Overview
Messages
Build Orders
End
Construct Infanterie Kompanie
Pioneer Squad
MG 42 Machine Gun Team
Grenadier Squad
Grenadier Squad
Construct Panzergrenadier Kompanie
251 Medium Carrier
Grenadier Squad
Selects Mechanized Battlegroup
Selects Raid Package
Infanterie Officer Quarters
Medical Bunker
Pak 40 Anti-tank Gun Team
Selects StuG Assault Group
StuG Assault Group
GrW 34 Mortar Team
Selects Mobile Repair Stations
Construct Panzer Kompanie
Panzer IV Medium Tank
Selects Wespe Self-propelled Artillery
Pak 40 Anti-tank Gun Team
hello
Ghost
Symbiosis
CAuMOH
0
0
Comments
sign in to comment!
No comments posted yet!